 Dungeon Crawl Stone Soup version 0.31-a0-557-g6e16503903 (webtiles) character file.

Game seed: 3383419327456845027

70 IdlyInterested the Trooper (level 4, -2/35 HPs)
             Began as a Demonspawn Gladiator on Aug 16, 2023.
             Succumbed to Sigmund's poison
             ... on level 2 of the Dungeon.
             The game lasted 00:03:49 (1298 turns).

IdlyInterested the Trooper (Demonspawn Gladiator)   Turns: 1298, Time: 00:03:50

Health: -2/35      AC:  7    Str: 16    XL:     4   Next: 4%
Magic:  4/4        EV: 10    Int: 10    God:
Gold:   84         SH:  0    Dex: 14    Spells: 3/3 levels left

rFire   . . .        a - +0 rapier
rCold   . . .        (no shield)
rNeg    . . .        l - +0 scale mail
rPois   .            c - +0 helmet
rElec   .            (no cloak)
rCorr   .            (no gloves)
SInv    +            (no boots)
Will    .....        (no amulet) Stlth
                     i - ring of see invisible
HPRegen 0.25/turn    (no ring)
MPRegen 0.09/turn

%: no passive effects
@: lethally poisoned (-2 -> -18)
A: hooves 1, powered by death 1
a: no special abilities


You were on level 2 of the Dungeon.
You visited 1 branch of the dungeon, and saw 2 of its levels.

You collected 84 gold pieces.

Inventory:

Hand Weapons
 a - a +0 rapier (weapon)
Missiles
 d - 3 throwing nets
 e - 5 javelins
 h - 27 stones (quivered)
 p - 4 poisoned darts
Armour
 b - a +0 leather armour
 c - a +0 helmet (worn)
 l - a +0 scale mail (worn)
Magical Staves
 o - a staff of poison
Jewellery
 f - an amulet of faith
 i - a ring of see invisible (left hand)
Talismans
 m - a maw talisman
Scrolls
 g - 3 scrolls of teleportation
 j - a scroll of identify {unknown}
Potions
 k - a potion of attraction


   Skills:
 + Level 3.4 Fighting
 - Level 3.0 Short Blades
 - Level 1.0 Axes
 - Level 2.0 Throwing
 + Level 0.1 Armour
 - Level 2.6 Dodging
 - Level 1.0 Unarmed Combat


You had 3 spell levels left.
You didn't know any spells.
Your spell library contained the following spells:

 Spells                   Type           Power      Damage    Failure   Level
 Ensorcelled Hibernation  Hex/Ice        0%         N/A       91%         2
 Anguish                  Hex/Necr       0%         N/A       100%        4


Dungeon Overview and Level Annotations

Branches:
Dungeon (2/15)

Altars:
Hepliaklqana

Annotations:
D:2 Sigmund


Innate Abilities, Weirdness & Mutations

You have large cloven feet.
You regenerate a little health from kills.


Message History

Found a maw talisman.
g - 2 scrolls of teleportation (gained 1)
Found a spear.
You see here a maw talisman.
m - a maw talisman You see here a +0 spear.
You see here a +0 spear.
g - 3 scrolls of teleportation (gained 1)
A bat comes into view.
The bat moves out of view.
The bat barely misses you. The bat closely misses you.
The bat barely misses you. The bat hits you but does no damage.
The bat hits you but does no damage.
You closely miss the bat. You kick the bat.
You kill the bat!
There is a stone staircase leading up here.
Sigmund the Dreaded comes into view.
He is wielding a +5 scythe of venom.
Sigmund shouts!
Sigmund hits you from afar with a +5 scythe of venom!
You are poisoned.
You feel very sick.
You hit Sigmund but do no damage.
You feel very sick.
Sigmund hits you with a +5 scythe of venom!
You are lethally poisoned!
You hit Sigmund. You kick Sigmund.
Sigmund is moderately wounded.
* * * LOW HITPOINT WARNING * * *
You feel very sick.
Sigmund says, "Look into my eyes."
Sigmund barely misses you.
Okay, then.
You closely miss Sigmund.
Sigmund is moderately wounded.
* * * LOW HITPOINT WARNING * * *
You feel very sick.
You closely miss Sigmund. You kick Sigmund.
Sigmund is moderately wounded.
You die...

#..........####.#.>#.#
#..#.... #.........##
#.#..#.# #...>... ###.#######
#.##.#.# #.##.... #.#
#.##.#.# #.##.#.. #####.##
#.##.#.# #.##.##. .......#
#.##.#.# #.##.### #####..#
#.# .#.###....... #..#
######.##.#...........
#..#####...@@....############
#.............##.#
#.#####.#....... #
#####........########
.............# .#############
##


You could see Sigmund.

Vanquished Creatures
  Terence (D:2)
  An adder (D:2)
  A dart slug (D:2)
  2 ball pythons (D:1)
  4 endoplasms
  4 giant cockroaches (D:1)
  4 goblins
  3 hobgoblins (D:1)
  2 kobolds (D:1)
  3 bats
  A frilled lizard (D:1)
  5 rats
31 creatures vanquished.

Notes
Turn   | Place    | Note
-------+----------+-------------------------------------------
     0 | D:1      | IdlyInterested the Demonspawn Gladiator began the quest for
                  | the Orb.
     0 | D:1      | Reached XP level 1. HP: 16/16 MP: 1/1
    94 | D:1      | Reached skill level 1 in Unarmed Combat
    94 | D:1      | Gained mutation: You have large cloven feet. [demonic
                  | ancestry]
    94 | D:1      | Reached XP level 2. HP: 14/23 MP: 2/2
   500 | D:1      | Reached skill level 1 in Axes
   641 | D:2      | Reached XP level 3. HP: 21/29 MP: 3/3
   761 | D:2      | Found a hazy altar of Hepliaklqana.
   774 | D:2      | Noticed Terence
   787 | D:2      | Killed Terence
  1100 | D:2      | Gained mutation: You regenerate a little health from kills.
                  | [demonic ancestry]
  1100 | D:2      | Reached XP level 4. HP: 35/35 MP: 4/4
  1293 | D:2      | Noticed Sigmund
  1298 | D:2      | Succumbed to Sigmund's poison

Illustrated notes

Levels and vault maps discovered:
D:1:      dpeg_arrival_tiny_j, layout_loops_ring
D:2:      layout_loops_ring, basic_altar, uniq_terence, uniq_sigmund

Skill      XL: |  1  2  3 |
---------------+----------+-----
Unarmed Combat | 1 |  1.0
Axes           | 1 |  1.0
Fighting       | 3 |  3.4
Throwing       | 2 |  2.0
Short Blades   | 3 |  3.0
Armour         | |  0.1
Dodging        | |  2.6

Action                     |  1- 3 |  4- 6 || total
---------------------------+-------+-------++-------
  Melee: Rapier            |    88 |     5 ||    93
         Kick              |    16 |     3 ||    19
         Punch             |     2 |       ||     2
  Throw: Stone             |     1 |       ||     1
    Use: Scroll            |     4 |       ||     4
         Potion            |     3 |       ||     3
   Stab: Sleeping          |     1 |       ||     1
 Armour: Leather armour    |     7 |       ||     7
         Scale mail        |    24 |     2 ||    26
  Dodge: Dodged            |    51 |     4 ||    55

Table legend: (Time is in decaauts)
 A = Elapsed time spent in this place.
 B = Non-inter-level travel time spent in this place.
 C = Inter-level travel time spent in this place.
 D = Time resting spent in this place.
 E = Time spent auto-exploring this place.
 F = Levels seen in this place.
 G = Mean time per level.
                   A        B        C        D        E       F      G
               +--------+--------+--------+--------+--------+-----+--------+
         Total |   1290 |   1198 |     92 |     60 |    793 |   2 |  645.0 |
       Dungeon |   1290 |   1198 |     92 |     60 |    793 |   2 |  645.0 |
               +--------+--------+--------+--------+--------+-----+--------+

Top non-repeatable levels by time:
     D:1: 702 daAuts
     D:2: 588 daAuts
